 Dungeon Crawl Stone Soup version 0.29.0 (webtiles) character file.

Game seed: 9577637547670478474

448 Dorkslayer the Chopper (level 7, -1/58 (61) HPs)
             Began as a Hill Orc Fighter on Aug 31, 2022.
             Slain by a phantom (5 damage)
             ... on level 4 of the Dungeon.
             The game lasted 00:08:26 (2948 turns).

Dorkslayer the Chopper (Hill Orc Fighter)           Turns: 2948, Time: 00:08:28

HP:   -1/58 (61)    AC: 13    Str: 21    XL:     7   Next: 3%
MP:   7/7           EV: 10    Int:  8    God:
Gold: 196           SH:  5    Dex: 10    Spells: 6/6 levels left

rFire   . . .      SeeInvis .   e - +0 broad axe
rCold   . . .      Faith    .   c - +1 buckler
rNeg    + . .      Spirit   .   t - +4 scale mail
rPois   .          Reflect  .   (no helmet)
rElec   .          Harm     .   d - +1 cloak
rCorr   .          Rampage  .   (no gloves)
Will    .....                   (no boots)
Stlth   ..........              (no amulet)
HPRegen 0.19/turn               n - ring of positive energy
MPRegen 0.10/turn               (no ring)

@: hasted, lightly drained, very quick
A: no striking features
a: no special abilities


You were on level 4 of the Dungeon.
You visited 1 branch of the dungeon, and saw 4 of its levels.

You collected 196 gold pieces.

Inventory:

Hand Weapons
 a - a +0 war axe
 e - a +0 broad axe (weapon)
 g - the +3 hammer of Ackesm {protect, rF++ rN+}
   (You found it on level 2 of the Dungeon)

   It grants its wielder temporary protection when it strikes (+7 to AC).
   rF:        It greatly protects you from fire.
   rN:        It protects you from negative energy.
Missiles
 p - 2 boomerangs (quivered)
Armour
 c - a +1 buckler (worn)
 d - a +1 cloak (worn)
 t - a +4 scale mail (worn)
Jewellery
 n - a ring of positive energy (left hand)
Wands
 m - a wand of flame (20)
Scrolls
 h - a scroll of enchant armour
 k - a scroll of fear
 l - a scroll of immolation {unknown}
 r - a scroll of teleportation {unknown}
Potions
 f - a potion of lignification {unknown}
 i - a potion of haste
 o - a potion of flight {unknown}
 q - a potion of invisibility
 s - a potion of magic {unknown}


   Skills:
 * Level 5.2 Fighting
 + Level 5.9 Axes
 + Level 4.7 Armour
 * Level 2.2 Dodging
 + Level 0.3 Stealth
 + Level 3.6 Shields
 * Level 0.8 Evocations


You had 6 spell levels left.
You didn't know any spells.
Your spell library contained the following spells:

 Spells                   Type           Power      Damage    Failure   Level
 Ensorcelled Hibernation  Hex/Ice        0%         N/A       92%         2
 Passwall                 Tmut/Erth      0%         N/A       92%         2
 Frozen Ramparts          Ice            0%         1d1       99%         3
 Gell's Gravitas          Tloc           0%         N/A       99%         3
 Lesser Beckoning         Tloc           0%         N/A       99%         3
 Stone Arrow              Conj/Erth      0%         3d7       99%         3
 Swiftness                Air            0%         N/A       99%         3
 Teleport Other           Tloc           0%         N/A       99%         3
 Animate Armour           Summ/Erth      0%         N/A       100%        4
 Ice Form                 Ice/Tmut       0%         N/A       100%        4
 Summon Ice Beast         Ice/Summ       0%         N/A       100%        4
 Lehudib's Crystal Spear  Conj/Erth      0%         10d2      100%        8


Dungeon Overview and Level Annotations

Branches:
Dungeon (4/15)
 Temple: D:4-7

Altars:

Annotations:
D:3 2 transporters, geeeeen's ghost, amateur DjIE


Message History

The wight hits you but does no damage. You block the wight's attack.
The wight hits you with a +1 short sword!
The wight hits you with a +0 mace!
You slash the wight!
The wight is heavily damaged.
You slash the wight! You hit the orc. You block the wight's attack.
Unknown command.
A phantom comes into view.
The orc hits you but does no damage. The orc attacks as you move away!
The orc barely misses you. The wight attacks as you move away!
The wight hits you but does no damage.
You hit the wight but do no damage.
The wight is severely damaged.
You closely miss the orc. The orc hits you but does no damage.
The wight barely misses you.
You barely miss the wight.
The wight is severely damaged.
You slash the orc!
You kill the orc!
The wight hits you from afar with a +0 spear.
The wight hits you with a +0 mace. You partially resist.
You feel drained. The wight barely misses you. You block the orc's attack. x2
The phantom closely misses you.
You miss the phantom. You closely miss the wight.
You hit the orc but do no damage. You slash the orc! The orc barely misses you.
The wight hits you from afar with a +0 spear.
* * * LOW HITPOINT WARNING * * *
The orc hits you but does no damage. The phantom hits you.
* * * LOW HITPOINT WARNING * * *
The phantom blinks!
You blink.
You feel yourself speed up. The wight hits you but does no damage.
The phantom barely misses you.
You closely miss the wight.
The wight is severely damaged.
You miss the phantom. The wight hits you with a +0 mace!
* * * LOW HITPOINT WARNING * * *
You partially resist.
You feel drained.
* * * LOW HITPOINT WARNING * * *
The phantom hits you.
You die...

. ...... ##. .....
....#....
...#...##
###......## ..
..........# .#
##.....# ..#. .
##....@.# ..... .#
#...#Wz###.....
....#..#ooz#......
#. #..#zz))......
#.#....).)......
#..<...#.)..#...
..........##....#
.
#....##..[#......#
#... ....##..##..#


You could see a phantom, 4 wights and 2 orcs.

Vanquished Creatures
  Sigmund (D:2)
  A wight (D:4)
  A hound (D:3)
  Crazy Yiuf (D:2)
  An orc priest (D:4)
  An orc wizard (D:4)
  A gnoll (D:2)
  3 adders
  A worm (D:2)
  A dart slug (D:1)
  7 orcs
  12 endoplasms
  5 giant cockroaches
  4 goblins
  2 hobgoblins
  8 kobolds
  3 quokkas
  5 ball pythons
  3 bats
  4 frilled lizards
  6 rats
71 creatures vanquished.

Vanquished Creatures (others)
  2 fungi (D:2)
2 creatures vanquished.

Grand Total: 73 creatures vanquished

Notes
Turn   | Place    | Note
-------+----------+-------------------------------------------
     0 | D:1      | Dorkslayer the Hill Orc Fighter began the quest for the
                  | Orb.
     0 | D:1      | Reached XP level 1. HP: 19/19 MP: 1/1
   232 | D:1      | Reached XP level 2. HP: 21/27 MP: 2/2
   907 | D:1      | Reached XP level 3. HP: 22/33 MP: 3/3
  1154 | D:2      | Noticed Sigmund
  1168 | D:2      | Killed Sigmund
  1169 | D:2      | Reached skill level 1 in Dodging
  1169 | D:2      | Reached XP level 4. HP: 17/41 MP: 4/4
  1169 | D:2      | Reached XP level 5. HP: 20/47 MP: 5/5
  1575 | D:2      | Found a runed translucent door.
  1576 | D:2      | Noticed Crazy Yiuf
  1584 | D:2      | Killed Crazy Yiuf
  1585 | D:2      | Reached XP level 6. HP: 42/55 MP: 6/6
  1592 | D:2      | Identified the +3 hammer of Ackesm {protect, rF++ rN+}
  1629 | D:2      | Reached skill level 5 in Axes
  1841 | D:2      | Identified the +1 robe "Otenn" {Harm}
  2039 | D:2      | Reached skill level 5 in Fighting
  2050 | D:2      | Found a faded altar of an unknown god.
  2188 | D:3      | Found a transporter.
  2334 | D:3      | Noticed geeeeen's ghost (amateur DjIE)
  2339 | D:3      | Found a transporter.
  2939 | D:4      | Reached XP level 7. HP: 38/61 MP: 7/7
  2948 | D:4      | Slain by a phantom

Illustrated notes

Levels and vault maps discovered:
D:1:      dpeg_arrival_three_bigger_balls, layout_loops_corners
D:2:      layout_basic, hellmonk_ecumenical_altar_inner_sanctum,
          kennysheep_potato, uniq_sigmund, uniq_crazy_yiuf_cottage
D:3:      layout_basic, gammafunk_ghost_arena
D:4:      layout_cave_pools, ebering_ghost_inner_flame, minmay_misc_feat_iff,
          chequers_serial_rivers_micro_d

Skill      XL: |  1  2  3  4  5  6 |
---------------+-------------------+-----
Fighting       | 4 5 |  5.2
Axes           | 3 4 5 |  5.9
Armour         | 4 |  4.7
Dodging        | 1 2 |  2.2
Stealth        | |  0.3
Shields        | |  3.6
Evocations     | |  0.8

Action                   |  1- 3 |  4- 6 |  7- 9 || total
-------------------------+-------+-------+-------++-------
Melee: Broad axe         |    66 |   108 |     6 ||   180
       War axe           |     1 |       |       ||     1
  Use: Potion            |     1 |       |     1 ||     2
       Scroll            |       |     6 |       ||     6
Armor: Scale mail        |    27 |    50 |     6 ||    83
Dodge: Dodged            |    44 |    45 |     6 ||    95
Block: Buckler           |    10 |    32 |     4 ||    46
